 Dungeon Crawl Stone Soup version 0.31-a0-1300-gb6740aa4e6 (webtiles) character file.

Game seed: 7136347845295638303

3632 timneilson the Ruffian (level 10, -10/69 HPs)
             Began as an Octopode Shapeshifter on Dec 18, 2023.
             Mangled by a +1 spectral quarterstaff (21 damage)
             ... created by Joseph
             ... on level 7 of the Dungeon.
             The game lasted 00:14:49 (6908 turns).

timneilson the Ruffian (Octopode Shapeshifter)      Turns: 6908, Time: 00:14:50

Health: -10/69     AC:  1    Str: 17    XL:     10   Next: 11%
Magic:  10/10      EV: 15    Int: 14    God:
Gold:   464        SH:  0    Dex: 11    Spells: 9/9 levels left

rFire   . .          .
                       - Unarmed
rCold   . . .        (no shield)
rNeg    . . .        (helmet currently unavailable)
rPois   .            (no amulet)
rElec   .            (no ring)
rCorr   .            (no ring)
SInv    .            (no ring)
Will    .....        (no ring)
Stlth   ++++         (no ring)
HPRegen 0.31/turn    (no ring)
MPRegen 0.12/turn    (no ring)
                     (no ring)

%: no passive effects
@: beast-form
A: beast (slay +3), almost no armour, amphibious, 8 rings, camouflage 1,
gelatinous body 1, (nimble swimmer 1), tentacles
a: Begin Untransformation


You were on level 7 of the Dungeon.
You were a hulking beast.
You visited 2 branches of the dungeon, and saw 8 of its levels.
You also visited: Sewer.

You collected 464 gold pieces.

Inventory:

Talismans
 b - a beast talisman
 c - a flux talisman
Scrolls
 j - 2 scrolls of teleportation
 k - a scroll of revelation
 o - a scroll of fear
 p - a scroll of amnesia
 r - a scroll of identify
Potions
 a - 2 potions of lignification
 d - a potion of invisibility {unknown}
 e - a potion of ambrosia
 f - a potion of might
 g - 2 potions of mutation
 h - 2 potions of curing {unknown}
 i - 2 potions of attraction
 l - a potion of berserk rage
 m - 2 potions of heal wounds
 n - 2 potions of haste {unknown}
 q - a potion of brilliance {unknown}


   Skills:
 * Level 6.7 Fighting
 * Level 6.9 Dodging
 + Level 6.8 Stealth
 * Level 7.2 Unarmed Combat
 * Level 6.8 Shapeshifting


You had 9 spell levels left.
You didn't know any spells.
Your spell library contained the following spells:

 Spells                   Type           Power      Damage    Failure   Level
 Sandblast                Erth           0%         2d4       28%         1
 Blink                    Tloc           0%         N/A       41%         2
 Passwall                 Tmut/Erth      0%         N/A       41%         2
 Stone Arrow              Conj/Erth      0%         3d7       65%         3
 Brom's Barrelling Bould  Conj/Erth      0%         2d3       96%         4
 Manifold Assault         Tloc           0%         N/A       96%         4


Dungeon Overview and Level Annotations

Branches:
Dungeon (7/15)             Temple (1/1) D:6           Sewer (visited)

Altars:
Ashenzari
Cheibriados
Elyvilon
Fedhas
Hepliaklqana
Kikubaaqudgha
Makhleb
Nemelex Xobeh
Ru
Sif Muna
Trog
Uskayaw
Vehumet
Wu Jian
Xom
Yredelemnul
Zin
The Shining One

Shops:
D:4 *   D:7 *

Annotations:
D:2 1 runed translucent door, Crazy Yiuf
D:5 2 transporters, dialectric's ghost, amateur MiFi
D:7 Joseph


Innate Abilities, Weirdness & Mutations

You are a hulking beast.
Your limbs bulge with bestial killing power. (Slay +3)
You cannot wear most types of armour.
You are amphibious.
You can wear up to eight rings at the same time.
Your skin changes colour to match your surroundings (Stealth+).
Your rubbery body absorbs attacks. (AC +1, EV +1)
((You are camouflaged when in or above water. (Stealth+)))
You have tentacles for arms and can constrict up to eight enemies at once.


Message History

There is an entrance to Zin's Purification Station here.
There is a stone staircase leading down here.
Joseph shouts!
Joseph unwields a +1 spectral quarterstaff.
Joseph wields a +0 sling.
Joseph shoots a sling bullet.
The sling bullet misses you.
Items here: )) [[ ††.
Joseph says, "I'm happy to see you. And I'll be happy to kill you."
Joseph shoots a sling bullet.
The sling bullet hits you.
Items here: )) [[ ††.
Joseph unwields a +0 sling.
Joseph wields a +1 spectral quarterstaff.
Joseph closely misses you. The +1 spectral quarterstaff hits you.
A +1 spectral quarterstaff comes into view.
You tentacle-slap Joseph. You grab Joseph.
Joseph is lightly wounded.
You constrict Joseph, but do no damage.
Joseph zaps a wand.
You struggle to resist.
You bludgeon Joseph!
Joseph is moderately wounded.
You constrict Joseph, but do no damage.
The +1 spectral quarterstaff disappears.
Joseph hits you with a +1 spectral quarterstaff!
The +1 spectral quarterstaff hits you!
A +1 spectral quarterstaff comes into view.
You tentacle-slap Joseph.
Joseph is moderately wounded.
You constrict Joseph.
Joseph zaps a wand.
Your mind is blasted!
You tentacle-slap Joseph. You tentacle-slap Joseph! You squeeze Joseph.
Joseph is heavily wounded.
You constrict Joseph.
The +1 spectral quarterstaff disappears.
Joseph hits you with a +1 spectral quarterstaff!
* * * LOW HITPOINT WARNING * * *
The +1 spectral quarterstaff closely misses you.
A +1 spectral quarterstaff comes into view.
You bludgeon Joseph! You squeeze Joseph.
Joseph is severely wounded.
You constrict Joseph. The +1 spectral quarterstaff hits you!!
You die...

##.......##
#.....∩...#
#.#.......#
#.##.....##
#....#_#..#
#.#.##⌠##.# ########
#....###..#
##......####.)#)....##
...............)h(###
##......#########@#
#......# #.# #......#
#.# #[....(# #.#
######## #.# #.# ###.#
###...#


You could see Joseph and a +1 spectral quarterstaff.

Vanquished Creatures
  A hornet (D:7)
  Prince Ribbit (D:6)
  Sigmund (D:2)
  A steam dragon (D:7)
  2 water moccasins
  2 orc warriors (D:7)
  An ice beast (D:6)
  A black bear (D:6)
  A centaur (D:7)
  3 phantoms
  5 kobold brigands (Sewer)
  A brain worm (Sewer)
  3 bullfrogs
  4 scorpions
  3 wights (D:7)
  3 howler monkeys (D:7)
  3 hounds
  6 orc priests
  3 jellies
  A gnoll bouda (D:6)
  6 iguanas
  3 orc wizards
  A mummy (D:7)
  3 gnolls (D:6)
  A river rat (Sewer)
  10 adders
  A shadow imp (D:7)
  4 ufetubi
  4 worms
  2 dart slugs
  38 orcs
  17 endoplasms
  5 giant cockroaches
  8 goblins
  4 hobgoblins
  3 jackals (D:1)
  6 quokkas
  8 ball pythons
  4 bats
  3 frilled lizards
  5 kobolds
  9 rats
191 creatures vanquished.

Notes
Turn   | Place    | Note
-------+----------+-------------------------------------------
     0 | D:1      | timneilson the Octopode Shapeshifter began the quest for
                  | the Orb.
     0 | D:1      | Reached XP level 1. HP: 13/13 MP: 1/1
    55 | D:1      | Found a faded altar of an unknown god.
    74 | D:1      | Reached XP level 2. HP: 12/18 MP: 2/2
   343 | D:1      | Reached skill level 1 in Stealth
   344 | D:1      | Reached XP level 3. HP: 21/23 MP: 3/3
   745 | D:2      | Found a runed translucent door.
   746 | D:2      | Noticed Crazy Yiuf
   775 | D:2      | Noticed Sigmund
   780 | D:2      | Killed Sigmund
   781 | D:2      | Reached XP level 4. HP: 13/30 MP: 4/4
   781 | D:2      | Reached XP level 5. HP: 15/35 MP: 5/5
  1588 | D:3      | Reached skill level 4 in Unarmed Combat
  1588 | D:3      | Reached XP level 6. HP: 38/41 MP: 6/6
  1821 | D:3      | Identified the +0 robe of the Butterfly {Int+4}
  1839 | D:3      | Found a glowing drain.
  1845 | Sewer    | Entered a sewer
  2319 | Sewer    | Reached XP level 7. HP: 33/46 MP: 7/7
  3120 | D:4      | Reached skill level 5 in Unarmed Combat
  3158 | D:4      | Found a glowing golden altar of the Shining One.
  3191 | D:4      | Reached XP level 8. HP: 54/54 MP: 8/8
  3273 | D:4      | Found an ornate altar of the Wu Jian Council.
  3523 | D:4      | Found Wamig's CLEARANCE SALE!.
  3625 | D:4      | Found a sparkling altar of Nemelex Xobeh.
  3724 | D:5      | Entered Level 5 of the Dungeon
  3752 | D:5      | Noticed dialectric's ghost (amateur MiFi)
  3753 | D:5      | Found a transporter.
  3754 | D:5      | Identified the +8 great mace "Amusy" {heavy, Fly rF++ rN+
                  | Will+}
  3758 | D:5      | Found a transporter.
  3785 | D:5      | Reached skill level 5 in Shapeshifting
  3931 | D:5      | Reached skill level 5 in Dodging
  4579 | D:5      | Reached skill level 5 in Fighting
  4579 | D:5      | Reached skill level 5 in Stealth
  4758 | D:6      | Found a staircase to the Ecumenical Temple.
  4771 | Temple   | Entered the Ecumenical Temple
  4983 | D:6      | Reached XP level 9. HP: 58/61 MP: 9/9
  5032 | D:6      | Reached skill level 6 in Unarmed Combat
  5327 | D:6      | Noticed Prince Ribbit
  5334 | D:6      | Killed Prince Ribbit
  5960 | D:7      | Found a snail-covered altar of Cheibriados.
  5960 | D:7      | Noticed Joseph
  6466 | D:7      | Reached skill level 7 in Unarmed Combat
  6568 | D:7      | Noticed a hornet
  6574 | D:7      | Killed a hornet
  6575 | D:7      | Reached XP level 10. HP: 54/69 MP: 10/10
  6576 | D:7      | Found a broken altar of Ashenzari.
  6698 | D:7      | Found Zin's Purification Station.
  6720 | D:7      | Found a glowing silver altar of Zin.
  6908 | D:7      | Mangled by a +1 spectral quarterstaff

Illustrated notes

Levels and vault maps discovered:
D:1:      giann_bridges, layout_basic, shapermc_ecumenical_altar_starsandcircs
D:2:      layout_loops_ring, minmay_crystal_water, uniq_sigmund,
          uniq_crazy_yiuf_cottage
D:3:      layout_loops_ring, mainiacjoe_sewer_entry_somewhere_in_here_1
D:4:      layout_rooms, lemuel_tele_altar, nemelex_dance_club_becter,
          mainiacjoe_overflow_paths, nicolae_concentric_dashed_squares_wild,
          nicolae_shop_clearance
D:5:      layout_rooms, gammafunk_ghost_smash, kennysheep_windowed_goal
D:6:      layout_basic, minmay_temple_entry_crystal_x, uniq_prince_ribbit1
D:7:      layout_basic, slow_altar_1, zin_purify, kennysheep_mini_moat,
          uniq_joseph
Temple:   nicolae_temple_bog_church

Skill      XL: |  1  2  3  4  5  6  7  8  9 |
---------------+----------------------------+-----
Stealth        | 1 2 3 4 5 6 |  6.8
Fighting       | 2 3 4 5 6 |  6.7
Dodging        | 3 4 5 6 |  6.9
Unarmed Combat | 4 5 7 |  7.2
Shapeshifting  | 4 5 6 |  6.8

Action                     |  1- 3 |  4- 6 |  7- 9 | 10-12 || total
---------------------------+-------+-------+-------+-------++-------
  Melee: Unarmed           |    46 |    84 |   285 |    21 ||   436
         Tentacles         |    12 |    18 |    63 |     7 ||   100
         Constrict         |     8 |    21 |    74 |     5 ||   108
         Punch             |     2 |     4 |     8 |     2 ||    16
    Use: Scroll            |     1 |     5 |    10 |       ||    16
   Stab: Sleeping          |     3 |    14 |    24 |       ||    41
 Armour: Skin              |    18 |    18 |   114 |    15 ||   165
  Dodge: Dodged            |    23 |    27 |   185 |    17 ||   252

Table legend: (Time is in decaauts)
 A = Elapsed time spent in this place.
 B = Non-inter-level travel time spent in this place.
 C = Inter-level travel time spent in this place.
 D = Time resting spent in this place.
 E = Time spent auto-exploring this place.
 F = Levels seen in this place.
 G = Mean time per level.
                   A        B        C        D        E       F      G
               +--------+--------+--------+--------+--------+-----+--------+
         Total |   6870 |   6645 |    225 |    316 |   4283 |   9 |  763.3 |
       Dungeon |   6040 |   5815 |    225 |    270 |   3803 |   7 |  862.9 |
        Temple |      3 |      3 |      0 |      0 |      0 |   1 |    3.0 |
         Sewer |    825 |    825 |      0 |     46 |    480 |   1 |  825.0 |
               +--------+--------+--------+--------+--------+-----+--------+

Top non-repeatable levels by time:
     D:6: 1231 daAuts
     D:5: 968 daAuts
     D:7: 960 daAuts
     D:2: 920 daAuts
   Sewer: 825 daAuts
     D:3: 767 daAuts
     D:4: 607 daAuts
     D:1: 585 daAuts
  Temple: 3 daAuts
